 Dungeon Crawl Stone Soup version 0.29.0-4-gdea44cf6ec (webtiles) character file.

Game seed: 6016810127868204903

96 qw the Ruffian (level 4, -3/35 HPs)
             Began as a Ghoul Fire Elementalist on Aug 30, 2022.
             Killed by divine providence
             ... invoked by an orc priest
              (10 damage)
             ... on level 3 of the Dungeon.
             The game lasted 00:02:05 (2383 turns).

qw the Ruffian (Ghoul Fire Elementalist)            Turns: 2383, Time: 00:02:05

Health: -3/35      AC: 12    Str: 13    XL:     4   Next: 67%
Magic:  5/5        EV:  6    Int: 10    God:
Gold:   120        SH:  0    Dex:  9    Spells: 5/6 levels left

rFire   . . .      SeeInvis .     - Unarmed
rCold   + . .      Faith    .   (no shield)
rNeg    + + +      Spirit   .   g - +0 chain mail
rPois   inf        Reflect  .   a - +2 helmet
rElec   .          Harm     .   c - +0 cloak
rCorr   .          Rampage  .   (no gloves)
Will    .....                   (no boots)
Stlth   ..........              (no amulet)
HPRegen 0.00/turn               (no ring)
MPRegen 0.09/turn               (no ring)

@: inhibited regen
A: claws 1, cold resistance 1, negative energy resistance 3, inhibited
regeneration, torment resistance 2, devour on kill
a: no special abilities


You were on level 3 of the Dungeon.
You visited 1 branch of the dungeon, and saw 3 of its levels.

You collected 120 gold pieces.


Innate Abilities, Weirdness & Mutations

You are immune to poison.
You have sharp fingernails.
Your flesh is cold resistant. (rC+)
You are immune to negative energy. (rN+++)
You do not regenerate when monsters are visible.
You are immune to unholy pain and torment.
You thrive by killing the living.


   Skills:
 - Level 1.3 Fighting
 + Level 0.8 Armour
 - Level 1.7 Dodging
 - Level 2.1 Stealth
 - Level 4.0 Unarmed Combat
 - Level 1.7 Spellcasting
 - Level 0.7 Conjurations
 - Level 2.4 Fire Magic


You had 5 spell levels left.
You knew the following spells:

 Your Spells              Type           Power      Damage    Failure   Level
a - Foxfire               Conj/Fire      16%        2x1d4     99%         1

Your spell library contained the following spells:

 Spells                   Type           Power      Damage    Failure   Level
 Scorch                   Fire           10%        2d6       99%         2
 Conjure Flame            Conj/Fire      4%         6-21      100%        3
 Inner Flame              Hex/Fire       3%         N/A       100%        3
 Flame Wave               Conj/Fire      4%         2d5       100%        4

Inventory:

Armour
 a - a +2 helmet (worn)
 c - a +0 cloak (worn)
 g - a +0 chain mail (worn)
Jewellery
 b - a ring of ice
Potions
 d - a potion of curing {unknown}
 e - a potion of lignification {unknown}
 f - a potion of heal wounds {unknown}

Dungeon Overview and Level Annotations

Branches:
Dungeon (3/15)

Altars:
Xom


Message History

The endoplasm is almost dead.
You scratch the endoplasm.
You kill the endoplasm!
You feel better.
An orc wizard comes into view. It is wielding a +0 dagger.
The orc wizard shouts!
You hear a shout!
An orc priest comes into view. It is wielding a +0 short sword.
Things that are here:
a +0 club; a giant cockroach corpse; a goblin corpse The orc priest shouts!
An orc comes into view. It is wielding a +0 hand axe.
An orc comes into view. It is wielding a +0 club.
The orc shouts!
The orc priest calls down the wrath of Beogh upon you.
Beogh smites you!
The orc wizard hits you but does no damage.
You closely miss the orc wizard. The orc wizard barely misses you.
You scratch the orc wizard but do no damage.
The orc wizard hits you but does no damage.
The orc priest calls down the wrath of Beogh upon you.
Beogh smites you!
You scratch the orc wizard.
The orc wizard is moderately wounded.
The orc wizard hits you with a +0 dagger.
The orc priest hits you but does no damage.
You scratch the orc wizard but do no damage.
The orc wizard is moderately wounded.
The orc wizard hits you but does no damage.
The orc priest closely misses you.
You miss the orc wizard.
The orc wizard is moderately wounded.
The orc wizard hits you but does no damage.
You claw the orc wizard!
The orc wizard is almost dead.
The orc wizard gestures at you while chanting.
The puff of flame hits you.
The orc priest calls down the wrath of Beogh upon you.
Beogh smites you!
You die...

#.. ... #.. ..
#..... #..#.#
## #..#.##..
##..#o..#
#...oo#.##..
#...@o.....#
#....%......
#....###...#
#######))..#
..#
......'.)..##
.
#######.....##
##...%#+...#..
#.....#+......
#..###...##..#


You could see an orc priest, an orc wizard and 2 orcs.

Vanquished Creatures
  3 adders (D:2)
  3 worms (D:2)
  4 dart slugs
  2 orcs
  5 bats
  3 endoplasms
  2 giant cockroaches
  6 goblins
  3 hobgoblins
  8 kobolds
  A quokka (D:3)
  5 ball pythons
  3 frilled lizards
  5 rats
53 creatures vanquished.

Notes
Turn   | Place    | Note
-------+----------+-------------------------------------------
     0 | D:1      | qw the Ghoul Fire Elementalist began the quest for the Orb.
     0 | D:1      | Reached XP level 1. HP: 14/14 MP: 2/2
     0 | D:1      | 0 ||| qw: Version: 0.1-a-90-g952f4b7
     0 | D:1      | 0 ||| qw: Game counter: 4346
     0 | D:1      | 0 ||| qw: Always use a shield: true
     0 | D:1      | 0 ||| qw: God list: Okawaru
     0 | D:1      | 0 ||| qw: Allow faded altars: false
     0 | D:1      | 0 ||| qw: Do Orc after D:15 true
     0 | D:1      | 0 ||| qw: Do second Lair branch before Depths: true
     0 | D:1      | 0 ||| qw: Lair rune preference: random
     0 | D:1      | 0 ||| qw: Plans: Normal
     0 | D:1      | 0 ||| PLANNING D:1-11
   178 | D:1      | Reached skill level 1 in Unarmed Combat
   185 | D:1      | 185 ||| Stepping ~*~*~tactically~*~*~ (outnumbered).
   189 | D:1      | Reached XP level 2. HP: 17/22 MP: 3/3
   266 | D:1      | 266 ||| Stepping ~*~*~tactically~*~*~ (stealth).
   280 | D:1      | Reached skill level 1 in Fighting
   301 | D:1      | 301 ||| Stepping ~*~*~tactically~*~*~ (stealth).
   303 | D:1      | 303 ||| Stepping ~*~*~tactically~*~*~ (hiding).
   618 | D:1      | 618 ||| Stepping ~*~*~tactically~*~*~ (hiding).
   625 | D:1      | Reached skill level 2 in Unarmed Combat
   869 | D:1      | 869 ||| UPGRADING to +0 cloak.
   874 | D:1      | 874 ||| UPGRADING to +0 scale mail.
   884 | D:1      | 884 ||| DROPPING +0 robe.
   885 | D:1      | 885 ||| READING scroll labelled RIT GANNODU.
   886 | D:1      | 886 ||| DROPPING potion of magic.
   938 | D:2      | Reached XP level 3. HP: 27/28 MP: 4/4
   985 | D:2      | 985 ||| Stepping ~*~*~tactically~*~*~ (stealth).
   988 | D:2      | 988 ||| Stepping ~*~*~tactically~*~*~ (stealth).
  1059 | D:2      | 1059 ||| Stepping ~*~*~tactically~*~*~ (stealth).
  1135 | D:2      | 1135 ||| Stepping ~*~*~tactically~*~*~ (stealth).
  1149 | D:2      | Reached skill level 3 in Unarmed Combat
  1183 | D:2      | 1183 ||| FLEEEEING.
  1216 | D:2      | 1216 ||| Stepping ~*~*~tactically~*~*~ (hiding).
  1247 | D:2      | 1247 ||| Stepping ~*~*~tactically~*~*~ (stealth).
  1249 | D:2      | 1249 ||| Stepping ~*~*~tactically~*~*~ (stealth).
  1293 | D:2      | Reached XP level 4. HP: 35/35 MP: 5/5
  1443 | D:2      | 1443 ||| Stepping ~*~*~tactically~*~*~ (stealth).
  1445 | D:2      | 1445 ||| Stepping ~*~*~tactically~*~*~ (stealth).
  1665 | D:2      | 1665 ||| Stepping ~*~*~tactically~*~*~ (stealth).
  1669 | D:2      | 1669 ||| Stepping ~*~*~tactically~*~*~ (stealth).
  1724 | D:2      | Reached skill level 4 in Unarmed Combat
  2059 | D:2      | Found a faded altar of an unknown god.
  2236 | D:2      | 2236 ||| UPGRADING to +2 helmet.
  2241 | D:2      | 2241 ||| UPGRADING to +0 chain mail.
  2251 | D:2      | 2251 ||| DROPPING +0 scale mail.
  2252 | D:2      | 2252 ||| READING scroll labelled POEWOU BEMUAZU.
  2273 | D:3      | Found a shimmering altar of Xom.
  2350 | D:3      | 2350 ||| Stepping ~*~*~tactically~*~*~ (stealth).
  2351 | D:3      | 2351 ||| Stepping ~*~*~tactically~*~*~ (stealth).
  2352 | D:3      | 2352 ||| Stepping ~*~*~tactically~*~*~ (stealth).
  2383 | D:3      | HP: 7/35 [orc wizard/puff of flame (4)]
  2383 | D:3      | Killed from afar by an orc priest

Levels and vault maps discovered:
D:1:      dpeg_arrival_renting, layout_rooms, minivault_26
D:2:      minmay_recursive_quarters, layout_basic,
          chequers_ecumenical_altar_lobes, minmay_pentomino_q4
D:3:      layout_basic, mainiacjoe_overflow_small_starburst,
          grunt_decor_fettered, minmay_cupped, uniq_sigmund

Skill      XL: |  1  2  3  4 |
---------------+-------------+-----
Unarmed Combat | 1 2 3 4 |  4.0
Fighting       | 1 |  1.3
Armour         | |  0.8
Dodging        | |  1.7
Stealth        | |  2.1
Spellcasting   | |  1.7
Conjurations   | |  0.7
Fire Magic     | |  2.4

Action                   |  1- 3 |  4- 6 || total
-------------------------+-------+-------++-------
Melee: Unarmed           |   110 |    98 ||   208
       Punch             |     1 |       ||     1
  Use: Scroll            |     1 |     1 ||     2
Armor: Robe              |     7 |       ||     7
       Scale mail        |    28 |    30 ||    58
       Chain mail        |       |    16 ||    16
Dodge: Dodged            |    59 |    27 ||    86

Table legend:
 A = Non-vault XP
 B = Vault XP
 C = Vault XP percentage of total XP
 D = Non-vault monster count
 E = Vault monster count
 F = Vault count percentage of total count
                 A         B        C        D         E       F
            +---------+---------+-------+---------+---------+-------
      Total |     100 |      38 |  27.5 |      38 |      15 |  28.3
            +---------+---------+-------+---------+---------+-------
        D:1 |      32 |       0 |   0.0 |      15 |       0 |   0.0
        D:2 |      58 |      31 |  34.8 |      17 |      11 |  39.3
        D:3 |      10 |       7 |  41.2 |       6 |       4 |  40.0
            +---------+---------+-------+---------+---------+-------
